 Dungeon Crawl Stone Soup version 0.30-a0-297-g0ec75d9ef4 (webtiles) character file.

Game seed: 14497578752727063452

269659 koil the Imperceptible (level 19, -2/88 (102) HPs)
             Began as a Spriggan Enchanter on Oct 18, 2022.
             Was the Champion of Okawaru.
             Slain by a spectral six-headed hydra (3 damage)
             ... while paralysed by a Zot trap
             ... on level 4 of the Swamp on Oct 19, 2022.
             The game lasted 07:11:28 (52688 turns).

koil the Imperceptible (Spriggan Enchanter)        Turns: 52688, Time: 07:11:29

HP:   -2/88 (102)   AC:  6    Str: 11    XL:     19   Next: 79%
MP:   31/41         EV:  4    Int: 23    God:    Okawaru [******]
Gold: 2887          SH:  0    Dex: 36    Spells: 16/52 levels left

rFire   + . .      SeeInvis +    R - +6 dagger "Suepirr" {drain, rN+ Dex+3}
rCold   . . .      Faith    .    f - +3 buckler of Renar {Regen+}
rNeg    + . .      Spirit   .    s - +2 robe of Okawaru's Fury {rElec rC- rCorr Str+7}
rPois   +          Reflect  +    U - +0 hat "Xemiequte" {Dex+6}
rElec   +          Harm     .    T - scarf {rC+ rF+}
rCorr   +          Rampage  .    (gloves unavailable)
Will    +++..                    (boots unavailable)
Stlth   ++++++++..               n - amulet of reflection
HPRegen 1.14/turn                K - ring "Koowio" {+Blink rCorr Int+2 SInv}
MPRegen 0.27/turn                b - ring "Lonicritub" {rPois Int+4 Dex+4 Stlth-}

@: paralysed, studying Hexes, heavily drained, very quick
A: very small, no large weapons, unfitting armour, see invisible, speed 3,
talons 1, iridescent scales 1, passive freeze, MP-powered wands
}: 1/15 runes: serpentine
a: Renounce Religion, Evoke Blink, Heroism, Finesse, Duel


You were on level 4 of the Swamp.
You worshipped Okawaru.
Okawaru was exalted by your worship.
You visited 7 branches of the dungeon, and saw 34 of its levels.
You also visited: Sewer, Ossuary, Bailey, Volcano and Wizlab.

You collected 4617 gold pieces.
You spent 1730 gold pieces at shops.

Inventory:

Hand Weapons
 g - a +5 dagger of freezing
 m - a +2 vampiric quick blade
 y - the +9 short sword of Bile {vorpal, rF+}
   (You acquired it on level 2 of the Orcish Mines)

   It inflicts extra damage upon your enemies.
   rF:        It protects you from fire.
 R - the +6 dagger "Suepirr" (weapon) {drain, rN+ Dex+3}
   (Okawaru gifted it to you on level 13 of the Dungeon)

   A truly terrible weapon, it drains the life of any living foe it strikes.
   Dex:       It affects your dexterity (+3).
   rN:        It protects you from negative energy.
Missiles
 o - 88 poisoned darts (quivered)
 L - a curare-tipped dart
 N - 9 atropa-tipped darts
Armour
 a - +0 swamp dragon scales
 f - the +3 buckler of Renar (worn) {Regen+}
   (You acquired it in an ossuary)

   Regen:     It increases your rate of health regeneration.
 s - the +2 robe of Okawaru's Fury (worn) {rElec rC- rCorr Str+7}
   (Okawaru gifted it to you on level 1 of the Lair of Beasts)

   Str:       It affects your strength (+7).
   rC:        It makes you vulnerable to cold.
   rElec:     It insulates you from electricity.
   rCorr:     It protects you from acid and corrosion.
 O - a +2 hat of stealth
 T - a scarf of resistance (worn)
 U - the +0 hat "Xemiequte" (worn) {Dex+6}
   (Okawaru gifted it to you on level 4 of the Swamp)

   Dex:       It affects your dexterity (+6).
 V - +0 swamp dragon scales
Jewellery
 b - the ring "Lonicritub" (right hand) {rPois Int+4 Dex+4 Stlth-}
   (You acquired it in the Ecumenical Temple)

   [ring of poison resistance]

   Int:       It affects your intelligence (+4).
   Dex:       It affects your dexterity (+4).
   rPois:     It protects you from poison.
   Stlth:     It makes you less stealthy.
 n - an amulet of reflection (around neck)
 r - a ring of magical power
 A - a ring of flight
 H - a ring of protection from fire
 K - the ring "Koowio" (left hand) {+Blink rCorr Int+2 SInv}
   (You found it on level 4 of the Snake Pit)

   [ring of resist corrosion]

   Int:       It affects your intelligence (+2).
   SInv:      It lets you see invisible.
   +Blink:    It lets you blink.
   rCorr:     It protects you from acid and corrosion.
 Z - a +6 ring of strength
Wands
 t - a wand of roots (22)
 G - a wand of mindburst (28)
 I - a wand of digging (3)
 M - a wand of charming (20)
 X - a wand of acid (4)
Scrolls
 h - 5 scrolls of blinking
 i - 15 scrolls of teleportation
 l - a scroll of enchant weapon
 q - 2 scrolls of amnesia
 v - 2 scrolls of poison
 D - 5 scrolls of butterflies
 E - 4 scrolls of silence
 J - 5 scrolls of magic mapping
 P - 6 scrolls of fear
 W - 2 scrolls of enchant armour
Potions
 c - 3 potions of invisibility
 d - 13 potions of brilliance
 e - 11 potions of might
 k - 17 potions of curing
 u - 8 potions of cancellation
 w - 11 potions of heal wounds
 x - 10 potions of flight
 z - 2 potions of resistance
 B - a potion of mutation
 C - 4 potions of lignification
 F - 3 potions of ambrosia
 Q - 6 potions of haste
 S - 5 potions of magic
 Y - 3 potions of berserk rage
Miscellaneous
 j - a piece from Xom's chessboard (15/15)
 p - a lightning rod (4/4)


   Skills:
 + Level 12.2 Fighting
 - Level 10.0 Short Blades
 + Level 18.5 Dodging
 + Level 21.7 Stealth
 - Level 5.0 Shields
 + Level 17.0 Spellcasting
 + Level 9.9 Conjurations
 - Level 11.3 Hexes
 - Level 11.4 Translocations
 + Level 8.6 Fire Magic
 - Level 5.0 Ice Magic
 - Level 5.0 Air Magic
 - Level 5.0 Invocations
 - Level 5.0 Evocations


You had 16 spell levels left.
You knew the following spells:

 Your Spells              Type           Power      Damage    Failure   Level
a - Ensorcelled Hibernat  Hex/Ice        100%       N/A       1%          2
b - Confusing Touch       Hex            64%        N/A       1%          3
c - Shock                 Conj/Air       100%       1d9       1%          1
d - Blink                 Tloc           100%       N/A       1%          2
e - Swiftness             Air            42%        N/A       1%          3
f - Airstrike             Air            21%        2d(3-19)  7%          4
g - Momentum Strike       Conj/Tloc      100%       3d10      1%          2
h - Dazzling Flash        Conj/Hex       100%       N/A       1%          3
i - Manifold Assault      Tloc           64%        N/A       1%          4
j - Inner Flame           Hex/Fire       60%        N/A       1%          3
k - Flame Wave            Conj/Fire      58%        2d14      1%          4
l - Silence               Hex/Air        27%        N/A       5%          5

Your spell library contained the following spells:

 Spells                   Type           Power      Damage    Failure   Level
 Frozen Ramparts          Ice            84%        1d13      1%          3
 Gell's Gravitas          Tloc           64%        N/A       1%          3
 Kindle Blastsparks       Fire/Tloc/Air  100%       2d18      1%          3
 Lesser Beckoning         Tloc           100%       N/A       1%          3
 Ozocubu's Armour         Ice            42%        N/A       1%          3
 Stone Arrow              Conj/Erth      84%        3d12      1%          3
 Teleport Other           Tloc           64%        N/A       1%          3
 Fulminant Prism          Conj/Hex       31%        3d16      1%          4
 Iskenderun's Mystic Bla  Conj/Tloc      62%        2d13      1%          4
 Sticky Flame             Conj/Fire      58%        2d7       1%          4
 Poisonous Vapours        Pois/Air       62%        N/A       2%          2
 Necrotise                Necr           76%        1d7       5%          1
 Sandblast                Erth           38%        2d10      5%          1
 Sting                    Tmut/Pois      76%        1d6       5%          1
 Lightning Bolt           Conj/Air       26%        1d42      7%          5
 Passwall                 Tmut/Erth      15%        N/A       8%          2
 Sublimation of Blood     Necr           19%        N/A       8%          2
 Wereblood                Tmut           19%        N/A       8%          2
 Dispersal                Tloc           32%        N/A       8%          6
 Spider Form              Tmut/Pois      19%        N/A       16%         3
 Vampiric Draining        Necr           19%        2d7       16%         3
 Ice Form                 Ice/Tmut       31%        N/A       19%         4
 Starburst                Conj/Fire      29%        6d9       19%         6
 Olgreb's Toxic Radiance  Pois           19%        N/A       45%         4
 Agony                    Necr           19%        N/A       82%         5
 Alistair's Intoxication  Tmut/Pois      12%        N/A       82%         5
 Blade Hands              Tmut           9%         N/A       82%         5
 Borgnjor's Vile Clutch   Necr/Erth      9%         N/A       82%         5
 Lee's Rapid Deconstruct  Erth           9%         3d7*      82%         5
 Disjunction              Tloc           32%        N/A       97%         8
 Ozocubu's Refrigeration  Ice            21%        4d12      99%         7
 Eringya's Noxious Bog    Tmut/Pois      9%         N/A       100%        6
 Ignition                 Fire           28%        3d9       100%        8
 Lehudib's Crystal Spear  Conj/Erth      21%        10d6      100%        8
 Chain Lightning          Conj/Air       26%        3d34      100%        9
 Tukima's Dance           Hex            Unusable   N/A       N/A         3
 Summon Ice Beast         Ice/Summ       Unusable   N/A       N/A         4
 Summon Lightning Spire   Summ/Air       Unusable   N/A       N/A         4
 Animate Armour           Summ/Erth      Unusable   N/A       N/A         4
 Summon Hydra             Summ           Unusable   N/A       N/A         7

Dungeon Overview and Level Annotations

Branches:
Dungeon (15/15)            Temple (1/1) D:5            Lair (5/5) D:8
  Swamp (4/4) Lair:3        Snake (4/4) Lair:2        Slime (0/5) Lair:4
    Orc (2/2) D:9             Elf (3/3) Orc:2        Vaults (0/5) D:13
 Depths (0/4) D:15          Sewer (visited)         Ossuary (visited)
 Bailey (visited)         Volcano (visited)          WizLab (visited)

Altars:
Ashenzari
Cheibriados
Dithmenos
Elyvilon
Fedhas
Gozag
Hepliaklqana
Kikubaaqudgha
Makhleb
Nemelex Xobeh
Okawaru
Qazlal
Ru
Sif Muna
Trog
Uskayaw
Vehumet
Wu Jian
Xom
Yredelemnul
Zin
The Shining One
Jiyva

Shops:
Orc:1 =   Orc:2 ?(:?   Elf:1 =   Elf:2 *   Elf:3 ([:   Snake:2 *[*

Portals:
Hell: Lair:5


Innate Abilities, Weirdness & Mutations

You are very small and have problems with some larger weapons.
You are too small for most types of armour.
You have supernaturally acute eyesight. (SInv)
You cover ground extremely quickly. (Speed+++)
You have sharp toenails.
You are partially covered in iridescent scales. (AC +2)
A frigid envelope surrounds you and freezes all who hurt you.
You expend magic power (3 MP) to strengthen your wands.


Message History

The spectral six-headed hydra resists.
The spectral six-headed hydra is very cold.
The spectral six-headed hydra is heavily damaged.
The spectral six-headed hydra bites you.
You partially resist.
You feel drained.
The spectral six-headed hydra resists.
The spectral six-headed hydra is very cold.
The spectral six-headed hydra is heavily damaged.
The spectral six-headed hydra bites you.
The spectral six-headed hydra resists.
The spectral six-headed hydra is very cold.
The spectral six-headed hydra is heavily damaged.
The spectral six-headed hydra bites you!
You partially resist.
You feel drained.
The spectral six-headed hydra bites you.
* * * LOW HITPOINT WARNING * * *
You partially resist.
You feel drained.
The spectral six-headed hydra resists.
The spectral six-headed hydra is very cold.
The spectral six-headed hydra is severely damaged.
The spectral six-headed hydra bites you.
* * * LOW HITPOINT WARNING * * *
You partially resist.
You feel drained.
The spectral six-headed hydra resists.
The spectral six-headed hydra is very cold.
The spectral six-headed hydra is severely damaged.
The spectral six-headed hydra bites you!
* * * LOW HITPOINT WARNING * * *
The spectral six-headed hydra resists.
The spectral six-headed hydra is very cold.
The spectral six-headed hydra is severely damaged.
The spectral six-headed hydra bites you.
* * * LOW HITPOINT WARNING * * *
The spectral six-headed hydra resists.
The spectral six-headed hydra is very cold.
The spectral six-headed hydra is severely damaged.
The spectral six-headed hydra bites you.
* * * LOW HITPOINT WARNING * * *
You partially resist.
You feel drained.
The spectral six-headed hydra resists.
The spectral six-headed hydra is very cold.
The spectral six-headed hydra is severely damaged.
The spectral six-headed hydra bites you.
You die...

##≈..####......
##≈≈.#### #..D.W
##≈≈.....## ...φ# ###
#≈≈≈...○°≈## #.## ##≈≈
#.≈≈.###○..##### #≈≈≈
##≈^~~###....#######≈≈≈
##.~§####....°.≈##≈≈≈.
##.WZ.####○.○○.#≈≈≈≈.
#..@..# ##○....≈≈≈..
###.....####....≈≈..
##.....§####..~~≈.
##....# ####~≈. ##.##
♣≈≈≈ # ♣♣#♣≈≈ ♣♣..~~~
♣♣♣.♣.§~~ ♣~~§.~~.~


You could see a phantasmal warrior and a spectral six-headed hydra.

Vanquished Creatures
  Mara (Snake:4)
  Bai Suzhen (Elf:3)
  Vashnia (Snake:4)
  A bone dragon (Swamp:4)
  5 deep elf blademasters
  3 deep elf master archers (Elf:3)
  A tentacled starspawn (WizLab)
  Donald (Elf:2)
  11 nagarajas
  6 deep elf sorcerers
  4 orc warlords
  The ghost of glaedl the Spear-Bearer, a journeyman GrBe of Trog (Swamp:2)
  A deep elf elementalist (Elf:3)
  4 demonspawn corrupters (WizLab)
  A deep elf demonologist (Elf:1)
  2 eleionomae (Swamp:4)
  A very ugly thing (WizLab)
  5 deep elf annihilators (Elf:3)
  Nessos (D:12)
  2 bunyips (Swamp:4)
  Azrael (D:12)
  7 deep elf death magi
  Josephine (D:10)
  An ettin (WizLab)
  2 deep elf high priests
  8 vault guards (D:13)
  Harold (Lair:2)
  3 salamander tyrants
  An ogre mage (D:15)
  A death knight (D:14)
  2 boulder beetles
  10 hydras
  8 centaur warriors
  A ghost crab (Swamp:3)
  10 anacondas
  A catoblepas (D:15)
  Erica (D:9)
  2 merfolk aquamancers (WizLab)
  7 two-headed ogres
  29 dancing weapons
  10 death yaks
  9 alligators
  A vampire mage (D:15)
  9 naga warriors
  12 naga sharpshooters
  10 orc high priests
  Urug (D:10)
  2 tengu warriors (D:14)
  6 shock serpents
  3 spriggans (Swamp:4)
  A sun demon (Lair:5)
  A golden dragon zombie (D:15)
  15 deep elf knights
  4 goliath frogs
  A salamander mystic (Snake:2)
  4 skeletal warriors
  5 spriggan druids
  7 swamp dragons
  A death drake (Swamp:4)
  3 spectral hydras (Swamp:4)
  7 bog bodies
  12 wizards
  4 naga ritualists
  15 deep elf archers
  Pikel (D:9)
  A phantasmal warrior (Swamp:4)
  An ugly thing (D:10)
  16 mana vipers
  4 orc knights
  45 deep elf pyromancers
  33 deep elf zephyrmancers
  A necromancer (D:15)
  3 orc sorcerers
  3 manticores
  11 slime creatures
  2 will-o-the-wisps
  6 worldbinders (WizLab)
  6 cyclopes
  A stone giant zombie (D:15)
  A fire giant zombie (D:15)
  10 salamanders
  5 toenail golems (Volcano)
  34 black mambas
  10 elephants
  10 naga magi
  A guardian serpent (Snake:4)
  16 cane toads
  3 orange demons (Lair:5)
  A gargoyle (D:15)
  4 efreet
  2 freezing wraiths (D:14)
  An ice devil (Lair:5)
  9 komodo dragons
  A kobold demonologist (D:11)
  A red devil (Lair:5)
  8 rime drakes
  5 swamp worm zombies (Swamp:4)
  A hellwing (Lair:5)
  3 polar bears
  6 hydra zombies (Swamp:4)
  7 trolls
  3 bloated husks (Swamp:4)
  9 tyrant leeches
  3 hornets
  Prince Ribbit (D:8)
  5 blink frogs
  3 spectral swamp dragons (Swamp:4)
  2 alligator zombies (Swamp:4)
  2 raiju (shapeshifter)
  2 dream sheep
  An air elemental (Elf:1)
  A shadow (D:10)
  27 yaks
  6 wraiths
  A spriggan skeleton (D:15)
  10 wyverns
  7 water elementals
  9 basilisks
  4 fire elementals
  3 steam dragons (D:6)
  15 vampire mosquitoes
  15 swamp worms
  44 nagas
  14 wargs
  8 water moccasins
  6 swamp drakes
  8 hell hounds
  37 orc warriors
  A swamp dragon zombie (Swamp:4)
  4 black bears
  A sky beast (D:7)
  15 centaurs
  9 wolves
  10 ogres
  3 phantoms (Swamp:4)
  6 kobold brigands
  Blork the orc (D:6)
  18 bullfrogs
  An earth elemental (Elf:2)
  A necrophage (D:6)
  3 scorpions
  9 wights
  10 killer bees
  10 howler monkeys
  4 electric eels
  4 jellies
  A gnoll bouda (Orc:2)
  Crazy Yiuf (D:5)
  2 hounds
  46 orc priests
  6 iguanas
  Natasha (thrice) (D:2)
  12 orc wizards
  8 mummies (Ossuary)
  15 gnolls
  A swamp drake zombie (Swamp:4)
  16 adders
  8 river rats
  2 white imps
  3 worms
  3 dart slugs
  103 orcs
  7 ball pythons
  10 bats
  7 endoplasms
  8 giant cockroaches
  A gnoll zombie (Ossuary)
  15 hobgoblins
  A jackal (Sewer)
  38 kobolds
  5 quokkas
  4 frilled lizards
  15 goblins
  5 kobold zombies (Ossuary)
  2 orc zombies (Ossuary)
  7 rats
1277 creatures vanquished.

Vanquished Creatures (others)
  A deep elf blademaster (Elf:3)
  A deep elf knight (Elf:3)
  A wizard (WizLab)
  A deep elf pyromancer (Elf:3)
  2 naga magi
  A black mamba (Snake:4)
  3 orcs
  12 foxfires
  18 fungi
  43 plants
  3 starspawn tentacles (WizLab)
  15 withered plants
101 creatures vanquished.

Grand Total: 1378 creatures vanquished

Notes
Turn   | Place    | Note
-------+----------+-------------------------------------------
     0 | D:1      | koil the Spriggan Enchanter began the quest for the Orb.
     0 | D:1      | Reached XP level 1. HP: 9/9 MP: 5/5
   155 | D:1      | Reached XP level 2. HP: 13/13 MP: 6/6
   160 | D:1      | Learned a level 2 spell: Ensorcelled Hibernation
  1099 | D:2      | Noticed Natasha
  1103 | D:2      | Killed Natasha
  1104 | D:2      | Reached skill level 5 in Stealth
  1104 | D:2      | Reached XP level 3. HP: 17/17 MP: 6/8
  1202 | D:2      | Noticed Natasha
  1799 | D:2      | Killed Natasha
  1800 | D:2      | Reached XP level 4. HP: 13/21 MP: 9/9
  1926 | D:2      | Noticed Natasha
  2595 | D:2      | Killed Natasha
  2596 | D:2      | Reached skill level 1 in Fighting
  3018 | D:3      | Reached XP level 5. HP: 25/25 MP: 11/11
  3522 | D:3      | Found a glowing drain.
  3557 | Sewer    | Entered a sewer
  3571 | Sewer    | Learned a level 3 spell: Confusing Touch
  3785 | Sewer    | Reached XP level 6. HP: 30/30 MP: 12/12
  3821 | Sewer    | Reached skill level 6 in Stealth
  4572 | D:4      | Learned a level 1 spell: Shock
  4654 | D:4      | Identified the +0 leather armour "Kublol" {Dex+9}
  4764 | D:4      | Found a bloodstained altar of Trog.
  4764 | D:4      | Found an ornate altar of the Wu Jian Council.
  4768 | D:4      | Found a radiant altar of Vehumet.
  4966 | D:4      | Found a blossoming altar of Fedhas.
  5182 | D:5      | Entered Level 5 of the Dungeon
  5239 | D:5      | Found a staircase to the Ecumenical Temple.
  5268 | Temple   | Entered the Ecumenical Temple
  5339 | Temple   | Became a worshipper of Warmaster Okawaru
  5814 | D:5      | Reached skill level 1 in Evocations
  5907 | D:5      | Reached XP level 7. HP: 35/35 MP: 14/14
  5918 | D:5      | Found a runed translucent door.
  5919 | D:5      | Noticed Crazy Yiuf
  5952 | D:5      | Reached skill level 5 in Hexes
  6311 | D:5      | Reached * piety under Okawaru
  6312 | D:5      | Reached skill level 1 in Air Magic
  6330 | D:5      | Reached skill level 1 in Ice Magic
  6585 | D:5      | Killed Crazy Yiuf
  6586 | D:5      | Reached skill level 5 in Dodging
  6719 | D:6      | Noticed Blork the orc
  6757 | D:6      | Killed Blork the orc
  6758 | D:6      | Reached skill level 7 in Stealth
  6880 | D:6      | Reached ** piety under Okawaru
  6881 | D:6      | Reached skill level 1 in Invocations
  6881 | D:6      | Reached XP level 8. HP: 31/39 MP: 13/16
  7054 | D:6      | Reached skill level 5 in Spellcasting
  7453 | D:6      | Reached skill level 8 in Stealth
  7690 | D:6      | Reached XP level 9. HP: 19/44 MP: 18/18
  7944 | D:6      | Reached skill level 5 in Short Blades
  8111 | D:7      | Reached *** piety under Okawaru
  8635 | D:7      | Noticed a deep elf pyromancer
  8636 | D:7      | Noticed a troll
  8642 | D:7      | Noticed a troll
  8643 | D:7      | Killed a deep elf pyromancer
  8644 | D:7      | Reached skill level 9 in Stealth
  8645 | D:7      | Killed a troll
  8649 | D:7      | Killed a troll
  8917 | D:8      | Reached **** piety under Okawaru
  8983 | D:8      | Found a staircase to the Lair.
  8995 | D:8      | Noticed Prince Ribbit
  9005 | D:8      | Killed Prince Ribbit
  9013 | D:8      | Found a sand-covered staircase.
  9021 | Ossuary  | Entered an ossuary
  9246 | Ossuary  | Identified a scroll of acquirement
  9249 | Ossuary  | Acquired the +3 buckler of Renar {Regen+}
  9383 | D:8      | Reached XP level 10. HP: 51/51 MP: 21/21
  9696 | D:8      | Reached skill level 10 in Stealth
  9887 | D:9      | Found a staircase to the Orcish Mines.
  9895 | D:9      | Reached skill level 1 in Shields
  9932 | D:9      | Reached ***** piety under Okawaru
  9985 | D:9      | Noticed Pikel
 10022 | D:9      | Noticed Erica
 10193 | D:9      | Found a flagged portal.
 10344 | Bailey   | Entered a bailey
 10366 | Bailey   | Reached skill level 5 in Fighting
 10599 | Bailey   | Noticed an orc warlord
 10894 | Bailey   | Noticed an orc knight
 10915 | Bailey   | Killed an orc knight
 10916 | Bailey   | Reached skill level 11 in Stealth
 10932 | Bailey   | Noticed an orc knight
 10974 | Bailey   | Killed an orc warlord
 10974 | Bailey   | Received a gift from Okawaru
 10975 | Bailey   | Reached XP level 11. HP: 56/56 MP: 24/24
 11012 | Bailey   | Killed an orc knight
 11013 | Bailey   | Reached skill level 10 in Hexes
 11183 | D:9      | Killed Pikel
 11255 | D:9      | Killed Erica
 11327 | D:9      | Noticed a two-headed ogre
 11342 | D:9      | Killed a two-headed ogre
 11342 | D:9      | Reached ****** piety under Okawaru
 11342 | D:9      | Received a gift from Okawaru
 11649 | D:10     | Entered Level 10 of the Dungeon
 11861 | D:9      | Found an opulent altar of Gozag.
 12039 | Lair:1   | Entered Level 1 of the Lair of Beasts
 12087 | Lair:1   | Reached skill level 12 in Stealth
 12408 | Lair:1   | Reached skill level 1 in Conjurations
 12598 | Lair:1   | Identified the +2 robe of Okawaru's Fury {rElec rC- rCorr
                  | Str+7} (Okawaru gifted it to you on level 1 of the Lair of
                  | Beasts)
 12598 | Lair:1   | Received a gift from Okawaru
 12806 | Lair:2   | Found a staircase to the Snake Pit.
 12826 | Lair:2   | Reached skill level 10 in Dodging
 13067 | Lair:2   | Learned a level 2 spell: Blink
 13071 | Lair:2   | Learned a level 3 spell: Swiftness
 13076 | Lair:2   | Learned a level 4 spell: Airstrike
 13079 | Lair:2   | Learned a level 2 spell: Momentum Strike
 13094 | Lair:2   | Reached XP level 12. HP: 61/61 MP: 26/26
 13304 | Lair:2   | Noticed Harold
 13338 | Lair:2   | Killed Harold
 13339 | Lair:2   | Reached skill level 1 in Translocations
 13823 | Temple   | Gained mutation: You have a pair of small horns on your
                  | head. [potion of mutation]
 13823 | Temple   | Gained mutation: Your spells are a little harder to cast,
                  | but a little more powerful. [potion of mutation]
 13824 | Temple   | Lost mutation: You have a pair of small horns on your head.
                  | [potion of mutation]
 13824 | Temple   | Lost mutation: Your spells are a little harder to cast, but
                  | a little more powerful. [potion of mutation]
 13824 | Temple   | Gained mutation: A frigid envelope surrounds you and
                  | freezes all who hurt you. [potion of mutation]
 13824 | Temple   | Gained mutation: Your magical capacity is low. (-10% MP)
                  | [potion of mutation]
 13824 | Temple   | Gained mutation: You are agile. (Dex +4, Str/Int -1)
                  | [potion of mutation]
 13988 | Lair:3   | Noticed a death yak
 13989 | Lair:3   | Noticed a death yak
 13989 | Lair:3   | Noticed a death yak
 13989 | Lair:3   | Noticed a death yak
 14281 | Lair:3   | You fall into a shaft and drop 2 floors!
 14281 | Lair:5   | Entered Level 5 of the Lair of Beasts
 14292 | Lair:5   | Reached skill level 13 in Stealth
 14427 | Lair:5   | Received a gift from Okawaru
 14430 | Lair:5   | Noticed an eight-headed hydra
 14438 | Lair:5   | Killed an eight-headed hydra
 14439 | Lair:5   | Reached skill level 5 in Evocations
 14464 | Lair:5   | Found a burning altar of Makhleb.
 14576 | Lair:5   | Reached skill level 10 in Spellcasting
 14747 | Lair:5   | Reached XP level 13. HP: 66/66 MP: 25/25
 14776 | Lair:5   | Found a gateway to Hell.
 15546 | Lair:5   | Received a gift from Okawaru
 15547 | Lair:5   | Reached skill level 5 in Translocations
 15745 | Lair:4   | Found a staircase to the Slime Pits.
 15745 | Lair:4   | Found a viscous altar of Jiyva.
 16049 | Lair:4   | Found a dark tunnel.
 16070 | Volcano  | Entered a volcano
 16170 | Volcano  | Reached skill level 14 in Stealth
 16262 | Volcano  | Reached skill level 5 in Shields
 17349 | Lair:3   | Identified the +1 animal skin of Youthful Indiscretion {rC+
                  | Will+ Int+3} (Okawaru gifted it to you on level 3 of the
                  | Lair of Beasts)
 17349 | Lair:3   | Received a gift from Okawaru
 17644 | Lair:3   | Reached skill level 10 in Short Blades
 17848 | Lair:3   | Found a staircase to the Swamp.
 18466 | Lair:2   | Reached XP level 14. HP: 72/72 MP: 7/27
 18802 | Lair:3   | Found a staircase to the Swamp.
 18945 | Lair:3   | Learned a level 3 spell: Dazzling Flash
 19676 | Lair:3   | Learned a level 4 spell: Manifold Assault
 19710 | Lair:3   | Reached skill level 5 in Air Magic
 20087 | Lair:3   | Found a staircase to the Swamp.
 21138 | Lair:5   | Found a burning altar of Makhleb.
 21144 | Lair:5   | Found a gateway to Hell.
 22170 | Orc:1    | Entered Level 1 of the Orcish Mines
 22398 | Orc:1    | Noticed an orc warlord
 22414 | Orc:1    | Killed an orc warlord
 22415 | Orc:1    | Reached skill level 15 in Stealth
 22457 | Orc:1    | Received a gift from Okawaru
 22666 | Orc:1    | Found Siruwkir's Jewellery Shoppe.
 22967 | Orc:2    | Entered Level 2 of the Orcish Mines
 22967 | Orc:2    | Noticed an orc warlord
 22967 | Orc:2    | Noticed an orc warlord
 23030 | Orc:1    | Killed an orc warlord
 23225 | Orc:1    | Reached skill level 5 in Conjurations
 23384 | Orc:1    | Killed an orc warlord
 23819 | Orc:2    | Received a gift from Okawaru
 24058 | Orc:2    | Found Sogac's Magic Scroll Shop.
 24058 | Orc:2    | Found Numnesat's Book Emporium.
 24115 | Orc:2    | Found Wenucash's Weapon Shop.
 24115 | Orc:2    | Found Eshrushoy's Magic Scroll Emporium.
 24345 | Orc:2    | Found a staircase to the Elven Halls.
 25447 | D:10     | Noticed Urug
 25477 | D:10     | Killed Urug
 25722 | D:10     | Reached skill level 16 in Stealth
 25843 | D:10     | Reached XP level 15. HP: 71/78 MP: 29/29
 26003 | D:10     | Noticed Josephine
 26004 | D:10     | Killed Josephine
 26004 | D:10     | Received a gift from Okawaru
 26486 | D:11     | Reached skill level 10 in Translocations
 26888 | D:11     | Learned a level 3 spell: Inner Flame
 27441 | D:12     | Noticed Azrael
 27549 | D:12     | Noticed Nessos
 27574 | D:12     | Killed Nessos
 27653 | D:12     | Killed Azrael
 27777 | D:13     | Received a gift from Okawaru
 28084 | D:13     | Reached skill level 1 in Fire Magic
 28772 | D:13     | Found a gate to the Vaults.
 28827 | D:13     | Identified the +6 dagger "Suepirr" {drain, rN+ Dex+3}
                  | (Okawaru gifted it to you on level 13 of the Dungeon)
 28827 | D:13     | Received a gift from Okawaru
 29711 | D:14     | Reached skill level 5 in Invocations
 29917 | D:14     | Received a gift from Okawaru
 30388 | D:15     | Entered Level 15 of the Dungeon
 30412 | D:15     | Identified the +2 flail of Perfectionism {pain, rN+ rCorr
                  | Int+2}
 30484 | D:15     | Reached skill level 17 in Stealth
 30855 | D:15     | Found a staircase to the Depths.
 30919 | D:15     | Reached XP level 16. HP: 81/84 MP: 30/30
 31835 | Temple   | Lost mutation: You are agile. (Dex +4, Str/Int -1) [potion
                  | of mutation]
 31835 | Temple   | Lost mutation: Your magical capacity is low. (-10% MP)
                  | [potion of mutation]
 31835 | Temple   | Gained mutation: You are frail. (-10% HP) [potion of
                  | mutation]
 31835 | Temple   | Gained mutation: You are partially covered in iridescent
                  | scales. (AC +2) [potion of mutation]
 31835 | Temple   | Gained mutation: You passively map a small area around you.
                  | [potion of mutation]
 31836 | Temple   | Lost mutation: You passively map a small area around you.
                  | [potion of mutation]
 31836 | Temple   | Lost mutation: You are frail. (-10% HP) [potion of
                  | mutation]
 31836 | Temple   | Gained mutation: You expend magic power (3 MP) to
                  | strengthen your wands. [potion of mutation]
 31836 | Temple   | Gained mutation: You have sharp toenails. [potion of
                  | mutation]
 31852 | Temple   | Learned a level 4 spell: Flame Wave
 31982 | Elf:1    | Entered Level 1 of the Elven Halls
 32091 | Elf:1    | Identified the +6 acid dragon scales "Dasorats" {rCorr
                  | Int+4 Dex+2} (Okawaru gifted it to you on level 1 of the
                  | Elven Halls)
 32091 | Elf:1    | Received a gift from Okawaru
 32377 | Elf:1    | Found Dydwog's Jewellery Emporium.
 32533 | Elf:1    | Paralysed by an air elemental for 1 turns
 33220 | Elf:2    | Reached skill level 15 in Dodging
 33955 | Elf:2    | Found a magical portal.
 33968 | WizLab   | Entered Alistair's Party Mansion
 34002 | WizLab   | Reached skill level 18 in Stealth
 34040 | WizLab   | Received a gift from Okawaru
 34164 | WizLab   | Noticed a tentacled starspawn
 34210 | WizLab   | Killed a tentacled starspawn
 34391 | WizLab   | Reached skill level 10 in Fighting
 34404 | WizLab   | Learned a level 5 spell: Silence
 34623 | WizLab   | Reached skill level 5 in Ice Magic
 34725 | WizLab   | Identified the +1 troll leather armour of Dipex {Regen+
                  | Str+4} (Okawaru gifted it to you in a wizard's laboratory)
 34725 | WizLab   | Received a gift from Okawaru
 34954 | WizLab   | Reached skill level 5 in Fire Magic
 34954 | WizLab   | Reached XP level 17. HP: 89/89 MP: 36/36
 36463 | Elf:2    | Found a runed translucent gate.
 36464 | Elf:2    | Found a runed translucent gate.
 36465 | Elf:2    | Found a runed translucent gate.
 36643 | Elf:2    | Found Tosoclec's General Store.
 36647 | Elf:2    | Noticed Donald
 36706 | Elf:2    | Killed Donald
 37118 | Temple   | Acquired the ring "Lonicritub" {rPois Int+4 Dex+4 Stlth-}
 37247 | Orc:1    | Bought an amulet of reflection for 420 gold pieces
 38149 | Elf:2    | Noticed a deep elf blademaster
 38393 | Elf:2    | Killed a deep elf blademaster
 38699 | Elf:2    | Reached skill level 19 in Stealth
 38995 | Orc:2    | Bought a scroll of acquirement for 572 gold pieces
 38995 | Orc:2    | Acquired the +9 short sword of Bile {vorpal, rF+}
 39337 | Elf:3    | Entered Level 3 of the Elven Halls
 39368 | Elf:3    | Found Gitos's Book Boutique.
 39383 | Elf:3    | Noticed Bai Suzhen
 39385 | Elf:3    | Killed Bai Suzhen
 39398 | Elf:3    | Identified the -2 buckler of the Poles {Rampage +Inv Dex+5}
                  | (Okawaru gifted it to you on level 3 of the Elven Halls)
 39398 | Elf:3    | Received a gift from Okawaru
 39952 | Elf:3    | Reached skill level 15 in Spellcasting
 39973 | Elf:3    | Found Rucyma's Weapon Shoppe.
 39983 | Elf:3    | Found Xeixaf's Armour Shoppe.
 40230 | Elf:3    | Noticed a deep elf master archer
 40231 | Elf:3    | Noticed a deep elf blademaster
 40235 | Elf:3    | Killed a deep elf master archer
 40235 | Elf:3    | Noticed a deep elf master archer
 40245 | Elf:3    | Noticed a deep elf blademaster
 40263 | Elf:3    | Noticed a deep elf blademaster
 40265 | Elf:3    | Killed a deep elf blademaster
 40267 | Elf:3    | Killed a deep elf blademaster
 40268 | Elf:3    | Killed a deep elf master archer
 40792 | Elf:3    | Killed a deep elf blademaster
 40793 | Elf:3    | Reached XP level 18. HP: 34/95 MP: 37/38
 41336 | Elf:3    | Identified the +4 halberd "Etenon" {freeze, Contam rElec
                  | SInv}
 41579 | Elf:3    | Found the macabre finger necklace {rN+}
 41647 | Elf:3    | Identified the ring of Giun Tee {rF- rN++ Will+ Str+6}
 41661 | Elf:3    | Identified the +9 hand axe of Destiny {flame, Int+3 Dex-3}
 41706 | Elf:3    | Identified the amulet "Zaulutz" {Acrobat Regen+}
 41715 | Elf:3    | Identified the +0 helmet of the Northern Lights {rC++}
 41857 | Elf:3    | Found the +3 pair of mountain boots {steadfast, rC+}
 41863 | Elf:3    | Identified the +1 robe of Zin {rElec Will+ MP-9}
 41926 | Elf:3    | Identified the +8 morningstar of Tension {flame, Str+5}
 42079 | Elf:3    | Received a gift from Okawaru
 42080 | Elf:3    | Found the +3 robe of Clouds {*Thunder rCloud rElec}
 42957 | Elf:3    | Bought a book of Spectacle for 480 gold pieces
 43496 | Snake:1  | Entered Level 1 of the Snake Pit
 43640 | Snake:1  | Got the Exposition on Meteoric Transmigration
 44183 | Snake:2  | Found Ukaevad's Antique Weapon Shop.
 44193 | Snake:2  | Identified the +0 leather armour of Contentment {rC+++
                  | Str-3 Slay+4}
 44195 | Snake:2  | Found Anairobli's Neck Hole.
 44203 | Snake:2  | Bought a +2 cloak of willpower for 258 gold pieces
 44462 | Snake:2  | Reached skill level 20 in Stealth
 44729 | Snake:2  | Found Sausoer's Assorted Antiques.
 44729 | Snake:2  | Found Xilom's Armour Emporium.
 44733 | Snake:2  | Found Vyqieret's Distillery.
 46844 | Snake:4  | Entered Level 4 of the Snake Pit
 46900 | Snake:4  | Received a gift from Okawaru
 47088 | Snake:4  | Identified the ring "Koowio" {+Blink rCorr Int+2 SInv}
 47433 | Snake:4  | Noticed Mara
 47435 | Snake:4  | Killed Mara
 47544 | Snake:4  | Identified the +0 robe "Misydet" {rElec Int-3 Slay+6}
                  | (Okawaru gifted it to you on level 4 of the Snake Pit)
 47544 | Snake:4  | Received a gift from Okawaru
 47788 | Snake:4  | Reached XP level 19. HP: 36/100 MP: 40/40
 48159 | Snake:4  | Noticed Vashnia
 48161 | Snake:4  | Killed Vashnia
 48198 | Snake:4  | Reached skill level 21 in Stealth
 48650 | Snake:4  | Got a serpentine rune of Zot
 49235 | Swamp:1  | Entered Level 1 of the Swamp
 50212 | Swamp:2  | Found a runed translucent door.
 50212 | Swamp:2  | Noticed glaedl's ghost (journeyman GrBe)
 50530 | Swamp:2  | Killed glaedl's ghost
 51048 | Swamp:4  | Entered Level 4 of the Swamp
 51263 | Swamp:4  | Identified the +5 chain mail of the Maze {Rampage}
 51668 | Swamp:4  | Identified the +0 hat "Xemiequte" {Dex+6} (Okawaru gifted
                  | it to you on level 4 of the Swamp)
 51668 | Swamp:4  | Received a gift from Okawaru
 52033 | Swamp:4  | Noticed a bone dragon
 52157 | Swamp:4  | Killed a bone dragon
 52685 | Swamp:4  | Paralysed by a Zot trap for 5 turns
 52688 | Swamp:4  | HP: 1/89 [spectral six-headed hydra (4)]
 52688 | Swamp:4  | Slain by a spectral six-headed hydra

Illustrated notes

Levels and vault maps discovered:
D:1:      giann_forest_graveyard, layout_loops_ring, solitary_fountain,
          minmay_pentomino_s2
D:2:      layout_loops_ring, serial_co_window_serial, co_window_paths_a,
          co_window_corner_a, co_window_of_opportunity_a, co_window_paths_a,
          co_window_paths_a, co_window_cross_3, co_window_corner_cb,
          co_window_of_opportunity_b, co_window_paths_e, co_window_4corner_b,
          uniq_natasha
D:3:      layout_loops_corners, portal_sewer_entry_e,
          chequers_serial_rivers_small_3, minivault_24
D:4:      layout_loops_cross, grunt_temple_overflow_cloverleaf
D:5:      layout_loops_ring, minmay_temple_entry_ruins, uniq_crazy_yiuf_cottage
D:6:      kennysheep_steamy, layout_basic, uniq_blork_the_orc
D:7:      layout_cave_pools, minmay_manual_mullet
D:8:      layout_loops_ring, dpeg_oklobed_lair,
          lightli_ossuary_entry_decrepit_ruins, amethyst_killhole,
          kennysheep_generic_room_7, uniq_prince_ribbit1
D:9:      layout_long_grid, nicolae_gozag_cash_rules_everything_around_me,
          minmay_orc_entry_guard_dogs, enter_bailey_8,
          kennysheep_generic_room_15, uniq_pikel, uniq_erica
D:10:     wad_arrow_thing, layout_rooms, grunt_decor_junction, hive_lemuel,
          uniq_urug, uniq_josephine
D:11:     layout_roguey
D:12:     layout_cave_pools, chequers_serial_rivers_large_b, uniq_nessos,
          uniq_azrael
D:13:     layout_roguey, erik_vaults_2, special_room [special_room_orc]
D:14:     layout_grid_maze, serial_park_tiny_2
D:15:     gammafunk_depths_entry_grave, layout_loops_ring,
          corexii_leaking_fountain
Temple:   bh_familiar_temple
Lair:1:   layout_loops_ring, nicolae_quartered_pool_little, serial_bayou_shore_b
Lair:2:   layout_gridlike, guppyfry_snake_entry_island, grunt_megastairs_4,
          uniq_harold
Lair:3:   layout_chaotic_city, swamp_mist_pool
Lair:4:   nzn_winding_woodlands_cross [nzn_winding_woodlands_5x15_cabin,
          nzn_winding_woodlands_5x15_sidewinder,
          nzn_winding_woodlands_5x15_zeroes, nzn_winding_woodlands_5x15_eye,
          nzn_winding_woodlands_15x15_eel_pit], layout_loops_ring,
          slime_entry_1, nicolae_volcano_entry_hallway, beast_lair_carwin_1
Lair:5:   evil_forest, layout_gridlike, chequers_serial_rivers_marsh
Swamp:1:  layout_basic_swamp, nicolae_swamp_bean_lake, swamp_pool5,
          infiniplex_staircase_pool
Swamp:2:  layout_falls_marsh, gammafunk_ghost_grave,
          evilmike_swamp_ruin_house_3, swamp_pool4
Swamp:3:  layout_basic_swamp, evilmike_swamp_ruin_house_5, swamp_pool1
Swamp:4:  swamp_pestilence, layout_basic_swamp, swamp_pool1,
          nicolae_swamp_dense_foliage
Snake:1:  layout_onion, lemuel_fruit_tree
Snake:2:  layout_cave_town, serial_shops, shop,
          nicolae_shop_sticking_my_neck_out, minmay_shop_star
Snake:3:  layout_chambers, special_room, grunt_megastairs_5
Snake:4:  minmay_snake_end_coiled, layout_cave_town, uniq_vashnia, uniq_mara
Orc:1:    layout_caves, serial_shops, nicolae_diamond_shop, basic_altar,
          elves_outpost_lemuel
Orc:2:    st_orc_town, layout_caves, nicolae_orc_damp_corner
Elf:1:    minmay_elf_arrival_summoners, layout_gridlike, serial_shops,
          nicolae_shop_crystal, hangedman_elf_represent, lemuel_flamethrower_1
Elf:2:    elven_hall_of_blades_hangedman_original
          [nicolae_blade_entry_diamond_columns], layout_gridlike, serial_shops,
          nicolae_shop_stone, infiniplex_enter_wizlab_water,
          nicolae_elf_big_sculpture_2, uniq_donald
Elf:3:    minmay_elf_hall, layout_gridlike, serial_shops, shop,
          nicolae_shop_bloodbath_and_beyond, shop,
          roderic_lattice_octagonal_star, uniq_bai_suzhen

Skill      XL: |  1  2  3  4  5  6  7  8  9 10 11 12 13 14 15 16 17 18 19 |
---------------+----------------------------------------------------------+-----
Dodging        | 3 4 5 6 7 9 10 11 12 13 14 15 16 17 18 | 18.5
Stealth        | 5 6 7 8 9 11 12 13 14 16 17 18 19 20 21 | 21.7
Spellcasting   | 3 4 5 7 8 9 10 11 12 13 14 15 16 17 | 17.0
Hexes          | 4 5 6 7 9 11 | 11.3
Short Blades   | 2 3 4 6 7 8 9 10 | 10.0
Fighting       | 1 2 3 4 5 6 7 8 9 10 11 12 | 12.2
Evocations     | 1 2 3 5 |  5.0
Air Magic      | 1 3 4 5 |  5.0
Ice Magic      | 1 3 5 |  5.0
Invocations    | 1 2 3 5 |  5.0
Shields        | 2 3 4 5 |  5.0
Conjurations   | 1 2 4 5 6 7 8 9 |  9.9
Translocations | 4 7 9 10 11 | 11.4
Fire Magic     | 3 5 6 7 8 |  8.6

Action                   |  1- 3 |  4- 6 |  7- 9 | 10-12 | 13-15 | 16-18 | 19-21 || total
-------------------------+-------+-------+-------+-------+-------+-------+-------++-------
Melee: Dagger            |    99 |   354 |   250 |   601 |  1515 |  1887 |   778 ||  5484
       Punch             |       |     3 |     5 |       |       |       |       ||     8
       Kick              |       |       |       |       |       |   834 |   403 ||  1237
Throw: Dart              |       |       |       |       |    35 |       |       ||    35
 Cast: Ensorcelled Hiber |     3 |    33 |    60 |   111 |   243 |    64 |    11 ||   525
       Confusing Touch   |       |       |     7 |    46 |    69 |    52 |    35 ||   209
       Airstrike         |       |       |       |       |    24 |    96 |    23 ||   143
       Dazzling Flash    |       |       |       |       |    21 |    23 |    15 ||    59
       Manifold Assault  |       |       |       |       |     3 |       |       ||     3
       Momentum Strike   |       |       |       |       |     1 |     1 |       ||     2
       Blink             |       |       |       |       |       |     9 |       ||     9
       Flame Wave        |       |       |       |       |       |     8 |     2 ||    10
Invok: Heroism           |       |       |     2 |     3 |     9 |    16 |    10 ||    40
       Finesse           |       |       |       |     1 |     2 |     1 |       ||     4
 Abil: Evoke Blink       |       |       |       |       |       |       |     2 ||     2
Evoke: Wand              |       |       |       |       |     6 |    11 |       ||    17
  Use: Potion            |     3 |     5 |       |     5 |     3 |    15 |       ||    31
       Scroll            |       |    13 |    10 |     4 |     2 |     7 |     3 ||    39
 Stab: Sleeping          |     8 |    38 |    41 |    77 |   149 |    94 |    34 ||   441
       Confused          |       |       |     6 |    41 |    64 |    38 |    38 ||   187
       Distracted        |       |       |       |     2 |     6 |     8 |     2 ||    18
       Invisible         |       |       |       |       |    24 |    27 |    16 ||    67
Armor: Robe              |     9 |    79 |    44 |    67 |    67 |    12 |    22 ||   300
       Animal skin       |       |       |       |       |       |    45 |       ||    45
Dodge: Dodged            |    55 |   348 |   227 |   465 |  1043 |  1121 |   703 ||  3962
       Repelled          |       |       |       |       |       |    11 |       ||    11
Block: Buckler           |       |       |     3 |   311 |   779 |  1084 |   584 ||  2761
       Reflection        |       |       |       |       |       |    97 |    27 ||   124

Table legend: (Time is in decaauts)
 A = Elapsed time spent in this place.
 B = Non-inter-level travel time spent in this place.
 C = Inter-level travel time spent in this place.
 D = Time resting spent in this place.
 E = Time spent auto-exploring this place.
 F = Levels seen in this place.
 G = Mean time per level.
                   A        B        C        D        E       F      G
               +--------+--------+--------+--------+--------+-----+--------+
         Total |  37217 |  33573 |   3644 |   4460 |  15887 |  39 |  954.3 |
       Dungeon |  12263 |  10420 |   1843 |    483 |   7078 |  15 |  817.5 |
        Temple |    761 |    698 |     63 |     45 |    184 |   1 |  761.0 |
          Lair |   6257 |   5787 |    470 |    373 |   3749 |   5 | 1251.4 |
         Swamp |   2592 |   2571 |     21 |    254 |    993 |   4 |  648.0 |
     Snake Pit |   3658 |   3532 |    126 |    641 |   1578 |   4 |  914.5 |
  Orcish Mines |   2486 |   2021 |    465 |    458 |    711 |   2 | 1243.0 |
   Elven Halls |   5642 |   4989 |    653 |   1124 |   1053 |   3 | 1880.7 |
         Sewer |    866 |    866 |      0 |     96 |    400 |   1 |  866.0 |
       Ossuary |    187 |    187 |      0 |      0 |     88 |   1 |  187.0 |
        Bailey |    600 |    600 |      0 |    192 |     25 |   1 |  600.0 |
       Volcano |    363 |    363 |      0 |      0 |      0 |   1 |  363.0 |
        Wizlab |   1537 |   1537 |      0 |    793 |     24 |   1 | 1537.0 |
               +--------+--------+--------+--------+--------+-----+--------+

Top non-repeatable levels by time:
   Elf:3: 2189 daAuts
   Elf:2: 2085 daAuts
  Lair:3: 2002 daAuts
  Lair:5: 1546 daAuts
  WizLab: 1537 daAuts
     D:6: 1511 daAuts
  Lair:2: 1379 daAuts
   Elf:1: 1368 daAuts
 Snake:4: 1337 daAuts
 Swamp:4: 1294 daAuts
   Orc:1: 1243 daAuts
   Orc:2: 1242 daAuts
     D:2: 1197 daAuts
 Snake:3: 1091 daAuts
     D:5: 1087 daAuts
